Map: Ascension to Aiur LE

Players

Florencio - Winner!

  • Race: Protoss Protoss
  • League: Silver
  • Spawn Location: 11:00

HBK

  • Race: Terran Terran
  • League: Diamond
  • Spawn Location: 5:00

VOD

Have the link to the VOD?

Description

Time

  • Played on: July 16, 2017, 4:54 p.m.
  • Length: 9:35
Show
View Real Time Build Order
Export as new Build Order

Florencio Protoss - Winner!

Build Orders:  

Get SALT Encoding   

  12  0:01  Probe (Chrono Boost)  
  13  0:11  Probe (Chrono Boost)  
  14  0:19  Pylon  
  14  0:22  Probe (Chrono Boost)  
  15  0:37  Probe (Chrono Boost)  
  15  0:39  Gateway  
  16  0:45  Assimilator  
  16  0:49  Assimilator  
  16  0:53  Probe (Chrono Boost)  
  17  1:03  Probe (Chrono Boost)  
  18  1:14  Probe (Chrono Boost)  
  18  1:15  Pylon  
  19  1:24  Probe (Chrono Boost)  
  20  1:30  Cybernetics Core  
  20  1:35  Probe (Chrono Boost)  
  21  1:45  Probe (Chrono Boost)  
  22  1:48  Zealot  
  24  1:56  Probe (Chrono Boost)  
  25  2:13  Robotics Facility  
  25  2:20  Robotics Facility  
  25  2:29  Mothership Core (Chrono Boost)  
  27  2:43  Pylon  
  27  3:01  Robotics Bay  
  31  3:06  Immortal (Chrono Boost)  
  31  3:08  Forge  
  31  3:17  Immortal (Chrono Boost)  
  35  3:51  Warp Prism (Chrono Boost)  
  35  3:54  Pylon  
  41  4:18  Immortal (Chrono Boost)  
  41  4:37  Photon Cannon  
  41  4:38  Photon Cannon  
  41  4:40  Photon Cannon  
  41  4:43  Pylon  
  41  4:45  Pylon  
  33  5:09  Photon Cannon x2  
  33  5:10  Photon Cannon  
  33  5:27  Pylon  
  33  5:28  Pylon  
  33  5:34  Pylon  
  33  5:58  Photon Cannon  
  33  5:59  Photon Cannon  
  33  6:02  Photon Cannon  
  33  6:03  Pylon  
  33  6:13  Gateway  
  33  6:14  Gateway  
  33  6:28  Pylon  
  33  6:29  Pylon  
  33  6:47  Photon Cannon  
  33  6:51  Photon Cannon  
  33  6:59  Photon Cannon  
  33  7:03  Photon Cannon  
  33  7:23  Photon Cannon  
  33  7:24  Photon Cannon  
  33  7:25  Photon Cannon  
  33  7:26  Pylon  
  33  7:29  Stalker  
  35  7:49  Photon Cannon  
  35  7:51  Photon Cannon  
  35  7:53  Stalker  
  35  7:55  Probe  
  38  7:59  Stalker  
  40  8:21  Stalker  
  42  8:27  Gateway, Nexus  
  40  8:48  Photon Cannon  
  40  8:49  Photon Cannon  
  40  8:51  Stalker  
  42  8:55  Pylon  
Show
View Real Time Build Order
Export as new Build Order

HBK Terran 

Build Orders:  

Get SALT Encoding   

  12  0:01  SCV  
  13  0:15  SCV  
  13  0:20  Supply Depot  
  14  0:27  SCV  
  15  0:41  SCV  
  16  0:44  Barracks  
  16  0:53  SCV, Refinery  
  17  1:06  SCV  
  18  1:18  SCV  
  19  1:24  Supply Depot  
  19  1:32  Orbital Command  
  19  1:37  Marine  
  20  1:42  Refinery  
  20  1:54  Marine  
  21  2:08  Factory  
  21  2:09  SCV  
  22  2:20  Command Center  
  22  2:21  SCV  
  23  2:32  Barracks Tech Lab  
  23  2:33  SCV  
  23  2:36  Barracks  
  24  2:45  SCV  
  25  2:55  Factory Tech Lab  
  25  3:00  SCV, Starport  
  26  3:06  Stimpack  
  26  3:12  Supply Depot  
  26  3:16  Siege Tank  
  31  3:20  Marauder  
  31  3:26  Barracks Reactor  
  31  3:31  SCV  
  32  3:54  Orbital Command  
  32  3:56  Bunker  
  32  3:57  SCV  
  33  4:07  Medivac  
  33  4:09  SCV  
  36  4:14  Marauder, Marine x2  
  40  4:20  Supply Depot  
  40  4:21  SCV  
  40  4:23  SCV  
  42  4:31  Marine  
  42  4:32  Marine  
  42  4:33  SCV  
  42  4:35  SCV  
  41  4:45  SCV  
  41  4:47  Marine  
  41  4:49  Marine x2  
  43  5:05  Marine  
  41  5:07  Marine x2  
  37  5:14  Command Center  
  33  5:23  Marauder  
  21  5:45  Marauder  
  13  6:04  Barracks, Factory  
  13  6:05  Barracks  
  13  6:07  Barracks  
  8  6:38  SCV  
  7  6:50  SCV  
  8  6:55  Starport Tech Lab  
  8  6:56  Orbital Command  
  8  6:58  Barracks Tech Lab  
  8  6:59  Barracks Reactor x2  
  2  7:17  Factory Tech Lab  
  2  7:22  Engineering Bay  
  1  7:27  SCV  
  2  7:39  SCV  
  3  7:51  SCV  
  3  7:54  Siege Tank  
  7  8:03  SCV, Planetary Fortress  
  8  8:14  Orbital Command  
  8  8:16  SCV  
  9  8:28  SCV  
  9  8:30  Marine x2  
  7  9:09  Marine  
Tags
 
Add a new tag
Caveats
  • Supply blocks, unpowered buildings, or Contaminate may cause inaccurate times.
  • Supply counts are checked every 10 seconds.